 Dungeon Crawl Stone Soup version 0.32-a0-132-g2d33c3cfaf (webtiles) character file.

Game seed: 7113459492896985391

387 jasper the Skirmisher (level 6, -7/34 HPs)
             Began as a Deep Elf Hunter on Feb 10, 2024.
             Killed by divine providence
             ... invoked by an orc priest
              (12 damage)
             ... on level 5 of the Dungeon.
             The game lasted 00:03:28 (2637 turns).

jasper the Skirmisher (Deep Elf Hunter)             Turns: 2637, Time: 00:03:28

Health: -7/34      AC:  5    Str:  8    XL:     6   Next: 49%
Magic:  8/8        EV: 12    Int: 14    God:
Gold:   231        SH:  0    Dex: 20    Spells: 5/5 levels left

rFire   . . .        a - +0 shortbow
rCold   . . .        (shield currently unavailable)
rNeg    . . .        p - +2 leather armour {Will+}
rPois   .            k - +0 hat
rElec   .            (no cloak)
rCorr   .            (no gloves)
SInv    .            (no boots)
Will    +....        (no amulet)
Stlth   ++           (no ring)
HPRegen 0.25/turn    (no ring)
MPRegen 0.11/turn

%: no passive effects
@: hasted, very quick
A: no striking features
a: no special abilities


You were on level 5 of the Dungeon.
You visited 1 branch of the dungeon, and saw 5 of its levels.

You collected 231 gold pieces.

Inventory:

Hand Weapons
 a - a +0 shortbow (weapon)
Missiles
 s - 2 throwing nets
Armour
 c - a +0 leather armour
 k - a +0 hat (worn)
 m - a +0 kite shield
 p - a +2 leather armour of willpower (worn)
Jewellery
 f - a +5 ring of evasion
 r - a ring of flight
Talismans
 o - a granite talisman
Scrolls
 e - 2 scrolls of enchant weapon {unknown}
Potions
 h - a potion of curing
 j - 2 potions of attraction
 n - a potion of brilliance
 q - a potion of resistance


   Skills:
 - Level 1.5 Fighting
 + Level 10.3 Ranged Weapons
 - Level 2.4 Dodging
 - Level 1.2 Stealth


You had 5 spell levels left.
You didn't know any spells.
Your spell library contained the following spells:

 Spells                   Type           Power      Damage    Failure   Level
 Mercury Vapours          Alch/Air       0%         N/A       54%         2
 Mephitic Cloud           Conj/Alch/Air  0%         N/A       77%         3
 Summon Ice Beast         Ice/Summ       0%         N/A       77%         3
 Animate Dead             Necr           0%         N/A       99%         4
 Freezing Cloud           Conj/Ice/Air   0%         6-21      100%        5
 Summon Mana Viper        Hex/Summ       0%         N/A       100%        5
 Haunt                    Necr/Summ      0%         N/A       100%        7
 Monstrous Menagerie      Summ           0%         N/A       100%        7
 Infestation              Necr           0%         N/A       100%        8


Dungeon Overview and Level Annotations

Branches:
Dungeon (5/15)
 Temple: D:4-7

Altars:
Sif Muna


Message History

The scorpion stings you.
You take 4 damage, and have 16/34 hp.
Fire: a) +0 shortbow
Press: ? - help, Q - select action, (/) - cycle Shift-Dir - straight line, f/p - scorpion
Aim: a scorpion (heavily wounded, 67% to hit)
You shoot an arrow. The arrow barely misses the scorpion.
The scorpion closely misses you.
Fire: a) +0 shortbow
Press: ? - help, Q - select action, (/) - cycle Shift-Dir - straight line, f/p - scorpion
Aim: a scorpion (heavily wounded, 67% to hit)
You shoot an arrow. The arrow closely misses the scorpion.
Fire: a) +0 shortbow
Press: ? - help, Q - select action, (/) - cycle Shift-Dir - straight line, f/p - scorpion
Aim: a scorpion (heavily wounded, 67% to hit)
You shoot an arrow. The arrow hits the scorpion.
The scorpion is almost dead.
The scorpion barely misses you.
Fire: a) +0 shortbow
Press: ? - help, Q - select action, (/) - cycle Shift-Dir - straight line, f/p - scorpion
Aim: a scorpion (almost dead, 67% to hit)
You shoot an arrow.
The arrow hits the scorpion but does no damage.
The scorpion is almost dead.
The scorpion misses you.
Fire: a) +0 shortbow
Press: ? - help, Q - select action, (/) - cycle Shift-Dir - straight line, f/p - scorpion
Aim: a scorpion (almost dead, 67% to hit)
You shoot an arrow. The arrow barely misses the scorpion.
The orc priest calls down the wrath of Beogh upon you.
Beogh smites you!
* * * LOW HITPOINT WARNING * * *
You take 12 damage, and have 5/34 hp.
MASSIVE DAMAGE!!
Fire: a) +0 shortbow
Press: ? - help, Q - select action, (/) - cycle Shift-Dir - straight line, f/p - scorpion
Aim: a scorpion (almost dead, 67% to hit)
You shoot an arrow. The arrow hits the scorpion.
You kill the scorpion!
The orc priest calls down the wrath of Beogh upon you.
Beogh smites you!
You die...

........##.# # ..
##...#####.# ##
###.#.....###### ..#
#............# ###..#
##........... ..)..
#........... ##..#
#......#######...#
#......# ##))o.##
#......####.@##.# #
#..†........###....
#...................
###.........†.......#
...###>.............#
.... ################
.... ..


You could see an orc priest.

Vanquished Creatures
  2 scorpions
  A jelly (D:4)
  A bombardier beetle (D:4)
  3 iguanas (D:5)
  A sleepcap (D:4)
  4 gnolls (D:4)
  4 adders
  2 dart slugs
  12 orcs
  3 endoplasms
  4 giant cockroaches
  7 hobgoblins
  3 jackals (D:1)
  3 kobolds
  2 quokkas
  4 ball pythons
  2 bats (D:1)
  4 frilled lizards
  5 goblins
  4 rats
71 creatures vanquished.

Notes
Turn   | Place    | Note
-------+----------+-------------------------------------------
     0 | D:1      | jasper the Deep Elf Hunter began the quest for the Orb.
     0 | D:1      | Reached XP level 1. HP: 12/12 MP: 3/3
    98 | D:1      | Reached skill level 6 in Ranged Weapons
    98 | D:1      | Reached XP level 2. HP: 11/16 MP: 4/4
   767 | D:2      | Reached XP level 3. HP: 20/20 MP: 5/5
  1096 | D:2      | Reached skill level 7 in Ranged Weapons
  1280 | D:4      | Reached skill level 8 in Ranged Weapons
  1280 | D:4      | Reached XP level 4. HP: 12/25 MP: 6/6
  1384 | D:4      | Reached XP level 5. HP: 15/29 MP: 7/7
  1866 | D:4      | Reached skill level 9 in Ranged Weapons
  2282 | D:4      | Reached XP level 6. HP: 34/34 MP: 8/8
  2475 | D:5      | Entered Level 5 of the Dungeon
  2551 | D:5      | Found a shimmering blue altar of Sif Muna.
  2588 | D:5      | Reached skill level 10 in Ranged Weapons
  2637 | D:5      | Killed from afar by an orc priest

Illustrated notes

Levels and vault maps discovered:
D:1:      minmay_arrival_wavy_path, layout_loops_ring, nrook_mini_vaults,
          ebering_dispersal_statue_hall
D:2:      layout_basic, grunt_decor_fettered
D:3:      cheibrodos_pilgrimage, layout_loops_ring, dk_xom_monty_hall
D:4:      layout_basic, minmay_misc_feat_nine_boxes
D:5:      layout_basic, overflow_temple_1_default, uniq_menkaure, uniq_pikel

Skill      XL: |  1  2  3  4  5  6 |
---------------+-------------------+-----
Ranged Weapons | 6 8 9 10 | 10.3
Fighting       | |  1.5
Dodging        | |  2.4
Stealth        | |  1.2

Action                     |  1- 3 |  4- 6 || total
---------------------------+-------+-------++-------
   Fire: Shortbow          |   108 |   114 ||   222
    Use: Scroll            |     1 |    10 ||    11
         Potion            |       |     2 ||     2
 Armour: Leather armour    |    16 |    24 ||    40
  Dodge: Dodged            |    19 |    21 ||    40

Table legend: (Time is in decaauts)
 A = Elapsed time spent in this place.
 B = Non-inter-level travel time spent in this place.
 C = Inter-level travel time spent in this place.
 D = Time resting spent in this place.
 E = Time spent auto-exploring this place.
 F = Levels seen in this place.
 G = Mean time per level.
                   A        B        C        D        E       F      G
               +--------+--------+--------+--------+--------+-----+--------+
         Total |   2647 |   2549 |     98 |     64 |   2069 |   5 |  529.4 |
       Dungeon |   2647 |   2549 |     98 |     64 |   2069 |   5 |  529.4 |
               +--------+--------+--------+--------+--------+-----+--------+

Top non-repeatable levels by time:
     D:4: 1226 daAuts
     D:1: 704 daAuts
     D:2: 499 daAuts
     D:5: 156 daAuts
     D:3: 59 daAuts
